 Dungeon Crawl Stone Soup version 0.28.0-53-g5a82cb258f (webtiles) character file.

Game seed: 12120833851426156585

928 Tirrikindir the Slasher (level 8, -12/54 HPs)
             Began as an Octopode Fighter on Aug 18, 2022.
             Mangled by Duvessa
             ... wielding a +2 rapier of venom
              (13 damage)
             ... on level 6 of the Dungeon on Aug 19, 2022.
             The game lasted 00:07:54 (4521 turns).

Tirrikindir the Slasher (Octopode Fighter)          Turns: 4521, Time: 00:07:55

Health: -12/54     AC:  1    Str: 15    XL:     8   Next: 11%
Magic:  0/8        EV: 14    Int: 16    God:
Gold:   162        SH:  5    Dex: 14    Spells: 7/7 levels left

rFire   . . .      SeeInvis .   a - +1 long sword (venom)
rCold   . . .      Faith    .   b - +0 buckler
rNeg    . . .      Spirit   +   (helmet restricted)
rPois   .          Reflect  .   k - amulet of guardian spirit
rElec   .          Harm     .   f - ring of wizardry
rCorr   .          Rampage  .   g - +6 ring of intelligence
Will    .....                   (no ring)
Stlth   ++++......              (no ring)
HPRegen 0.18/turn               (no ring)
MPRegen 0.11/turn               (no ring)
                                (no ring)
                                (no ring)

@: mighty
A: almost no armour, amphibious, 8 rings, camouflage 1, gelatinous body 1,
(nimble swimmer 1), tentacles
a: no special abilities


You were on level 6 of the Dungeon.
You visited 1 branch of the dungeon, and saw 6 of its levels.

You collected 162 gold pieces.

Inventory:

Hand Weapons
 a - a +1 long sword of venom (weapon)
 i - a +1 short sword of freezing
Missiles
 e - 16 poisoned darts (quivered)
Armour
 b - a +0 buckler (worn)
Jewellery
 f - a ring of wizardry (left tentacle)
 g - a +6 ring of intelligence (right tentacle)
 k - an amulet of guardian spirit (around mantle)
Wands
 h - a wand of polymorph (13)
 t - a wand of acid (8)
Scrolls
 l - a scroll of fog
 m - a scroll of enchant armour {unknown}
 r - a scroll of blinking
Potions
 d - 2 potions of brilliance
 j - 2 potions of invisibility
 n - a potion of mutation {unknown}
 o - a potion of berserk rage {unknown}
 p - a potion of resistance {unknown}
 q - a potion of curing
 s - a potion of ambrosia {unknown}
 u - 2 potions of degeneration {unknown}


   Skills:
 - Level 4.0 Fighting
 * Level 6.0 Long Blades
 - Level 4.0 Dodging
 + Level 5.7 Stealth
 - Level 4.0 Shields
 - Level 3.0 Evocations


You had 7 spell levels left.
You didn't know any spells.
Your spell library contained the following spells:

 Spells                   Type           Power      Damage    Failure   Level
 Dazzling Flash           Conj/Hex       0%         N/A       34%         3
 Agony                    Necr           0%         N/A       96%         5
 Silence                  Hex/Air        0%         N/A       96%         5


Dungeon Overview and Level Annotations

Branches:
Dungeon (6/15)
 Temple: D:4-7

Altars:

Shops:
D:1 !=

Annotations:
D:3 3 runed translucent doors, macfelon's ghost, amateur DECj
D:6 Duvessa


Innate Abilities, Weirdness & Mutations

You cannot wear most types of armour.
You are amphibious.
You can wear up to eight rings at the same time.
Your skin changes colour to match your surroundings (Stealth+).
Your rubbery body absorbs attacks. (AC +1, EV +1)
((You are camouflaged when in or above water. (Stealth+)))
You have tentacles for arms and can constrict up to eight enemies at once.


Message History

Duvessa goes berserk!
Duvessa rages.
Throw: 17 darts (poison)
Press: ? - help, Q - select action, (/) - cycle Shift-Dir - straight line, f - Duvessa
Aim: Duvessa, wielding a +2 rapier of venom and wearing a +0 scale mail (berserk, 68% to hit)
You throw a poisoned dart. The poisoned dart hits Duvessa.
Duvessa is poisoned.
Unknown command.
You closely miss Duvessa. You grab Duvessa. You squeeze Duvessa!
Duvessa is lightly wounded.
You constrict Duvessa, but do no damage.
Duvessa hits you with a +2 rapier of venom.
You are poisoned.
You slash Duvessa!
Duvessa looks even sicker.
Duvessa is moderately wounded.
You constrict Duvessa.
You feel very sick.
Duvessa hits you with a +2 rapier of venom!
You are more poisoned.
Duvessa completely misses you.
You feel better.
You constrict Duvessa. You block Duvessa's attack.
Duvessa hits you with a +2 rapier of venom!
You hit Duvessa but do no damage.
Duvessa is moderately wounded.
You constrict Duvessa, but do no damage.
Duvessa hits you with a +2 rapier of venom.
* * * LOW HITPOINT WARNING * * *
You are poisoned.
You feel better.
You constrict Duvessa, but do no damage.
Duvessa hits you with a +2 rapier of venom!!
* * * LOW HITPOINT WARNING * * *
Duvessa closely misses you.
Aiming: Corrosive Bolt
Press: ? - help, Shift-Dir - straight line, f/p - Duvessa
Aim: Duvessa, wielding a +2 rapier of venom and wearing a +0 scale mail (heavily wounded, constricted by you, berserk, very poisoned, 100% to hit)
The bolt of acid hits Duvessa!
The acid corrodes Duvessa!
Duvessa is severely wounded.
You constrict Duvessa.
Duvessa hits you with a +2 rapier of venom!
You die...

....... #.#.#.#######
#.#..........
###.#.......... ## #
#..............
........##..............
.. .......<.............
.. .....####)###.######.
.# .. ...#.# #@# .#
#.##.#.# #e# .# #......#
#.# .## .##.##.### #(#
..# .# #..# ... ..#
.##.#..# ...
..##.##.#..# ...
........#.####.....
.#.#.........#


You could see Duvessa (berserk, very poisoned, corroded).

Vanquished Creatures
  Sigmund (D:4)
  A necrophage (D:5)
  An ogre (D:3)
  A sky beast (D:6)
  Blork the orc (D:6)
  A kobold brigand (D:6)
  A bullfrog (D:6)
  Dowan (D:6)
  A howler monkey (D:5)
  A hound (D:5)
  An orc priest (D:4)
  An iguana (D:4)
  Ijyb (D:4)
  3 adders
  A white imp (D:6)
  A worm (D:3)
  3 dart slugs
  11 orcs
  5 ball pythons
  A bat (D:1)
  3 endoplasms
  3 giant cockroaches
  6 goblins
  4 hobgoblins
  8 jackals
  A quokka (D:5)
  4 frilled lizards
  8 kobolds
  5 rats
80 creatures vanquished.

Notes
Turn   | Place    | Note
-------+----------+-------------------------------------------
     0 | D:1      | Tirrikindir the Octopode Fighter began the quest for the
                  | Orb.
     0 | D:1      | Reached XP level 1. HP: 16/16 MP: 1/1
    92 | D:1      | Found Ugipomesm's Jewellery Shop.
   125 | D:1      | Reached XP level 2. HP: 13/21 MP: 2/2
   234 | D:1      | Found Quitud Itsi's Distillery.
   265 | D:1      | Reached skill level 1 in Stealth
   963 | D:2      | Reached XP level 3. HP: 26/26 MP: 3/3
  1354 | D:3      | Noticed an ogre
  1374 | D:3      | Killed an ogre
  1375 | D:3      | Reached skill level 3 in Long Blades
  1375 | D:3      | Reached XP level 4. HP: 5/31 MP: 4/4
  1375 | D:3      | Reached XP level 5. HP: 5/36 MP: 5/5
  1378 | D:3      | HP: 1/36 [kobold/stone (2)]
  1933 | D:3      | Found a faded altar of an unknown god.
  2199 | D:3      | Found a runed translucent gate.
  2199 | D:3      | Found a runed translucent gate.
  2199 | D:3      | Found a runed translucent gate.
  2200 | D:3      | Noticed a water moccasin
  2203 | D:3      | Noticed macfelon's ghost (amateur DECj)
  2913 | D:4      | Noticed Sigmund
  2923 | D:4      | Killed Sigmund
  2924 | D:4      | Reached skill level 4 in Long Blades
  2924 | D:4      | Reached XP level 6. HP: 20/43 MP: 6/6
  3121 | D:4      | Noticed Ijyb
  3129 | D:4      | Killed Ijyb
  3783 | D:5      | Entered Level 5 of the Dungeon
  3824 | D:5      | Reached XP level 7. HP: 48/48 MP: 7/7
  3834 | D:5      | Reached skill level 1 in Evocations
  3845 | D:5      | Reached skill level 5 in Long Blades
  3990 | D:5      | You fall into a shaft and drop 1 floor!
  4100 | D:6      | Reached skill level 5 in Stealth
  4382 | D:6      | Noticed Blork the orc
  4391 | D:6      | Killed Blork the orc
  4489 | D:6      | Noticed Dowan
  4494 | D:6      | Reached XP level 8. HP: 47/54 MP: 5/8
  4500 | D:6      | Killed Dowan
  4501 | D:6      | Reached skill level 6 in Long Blades
  4513 | D:6      | Noticed Duvessa
  4520 | D:6      | HP: 1/54 [Duvessa/+2 rapier of venom (22)]
  4521 | D:6      | Mangled by Duvessa

Illustrated notes

Levels and vault maps discovered:
D:1:      dpeg_arrival_rooms_c, layout_basic, serial_shops, shop_fountains,
          shop, chequers_serial_rivers_marsh
D:2:      layout_basic
D:3:      layout_loops_ring, gammafunk_ghost_split,
          ebering_ecumenical_altar_sacrificial
D:4:      layout_cave_pools, uniq_ijyb, uniq_sigmund
D:5:      layout_cave_pools, serial_glass, glass_columns_a, glass_columns_a,
          glass_columns_a, glass_columns_c, glass_columns_b, glass_columns_c,
          glass_columns_b, glass_columns_b, uniq_crazy_yiuf_cottage
D:6:      layout_basic, uniq_pikel, uniq_duvessa, uniq_blork_the_orc

Skill      XL: |  1  2  3  4  5  6  7  8 |
---------------+-------------------------+-----
Stealth        | 1 2 3 4 5 |  5.7
Long Blades    | 3 4 5 6 |  6.0
Fighting       | 4 |  4.0
Dodging        | 4 |  4.0
Shields        | 4 |  4.0
Evocations     | 2 3 |  3.0

Action                   |  1- 3 |  4- 6 |  7- 9 || total
-------------------------+-------+-------+-------++-------
Melee: Long sword        |    60 |    61 |    36 ||   157
       Constrict         |    14 |    17 |    12 ||    43
       Tentacles         |     8 |    20 |    12 ||    40
       Punch             |       |     1 |       ||     1
Throw: Dart              |       |     1 |     5 ||     6
Evoke: Wand              |       |       |     1 ||     1
  Use: Potion            |     2 |     3 |     3 ||     8
       Scroll            |     3 |     2 |     1 ||     6
 Stab: Sleeping          |     6 |     7 |     2 ||    15
Armor: Skin              |    25 |     1 |       ||    26
Dodge: Dodged            |    38 |    15 |    21 ||    74
Block: Buckler           |    18 |     9 |     4 ||    31
